General information
- name: BNet
- type: Ladder team game (AT/RT)
- host: Battle.net
- saver: PIESOFTHENORTH
map: TimbermawHold
- players: 6
- length: 09:24
- speed: Fast
- version: 1.26 WAR3
- replay type: Public
» download(39 KB)
Players
team 1 (winner)
nygiant (
blue | 36 APM | 341 actions | 09:21)
2 Far Seer
1 Feral Spirit
1 Chain Lighting
» actions
| Basic commands | 4 | |
| Build / train | 20 | |
| Enter build submenu | 16 | |
| Enter hero's abilities submenu | 2 | |
| Right click | 137 | |
| Select / deselect | 129 | |
| Use ability | 33 | |
341 total
» units
| Peon | 8 | |
| Troll Headhunter/Berserker | 7 | |
15 total
» upgrades
» buildings
| Altar of Storms | 1 | |
| Orc Burrow | 4 | |
| War Mill | 1 | |
| Barracks | 1 | |
| Stronghold | 1 | |
| Great Hall | 1 | |
| Watch Tower | 7 | |
16 total
» build order
00:10 Altar of Storms
00:17 Orc Burrow
01:11 War Mill
01:49 Barracks
02:02 Orc Burrow
04:06 Stronghold
06:38 Great Hall
06:43 Watch Tower
06:46 Watch Tower
06:53 Orc Burrow
06:56 Watch Tower
07:00 Watch Tower
07:07 Watch Tower
07:39 Watch Tower
07:48 Watch Tower
08:51 Orc Burrow

»
PopRocks16 (
pink | 33 APM | 313 actions | 09:21)
3 Far Seer
2 Feral Spirit
1 Chain Lighting
1 Blademaster
1 Mirror Image
» actions
| Basic commands | 36 | |
| Build / train | 19 | |
| Enter build submenu | 7 | |
| Enter hero's abilities submenu | 4 | |
| Right click | 99 | |
| Select / deselect | 125 | |
| Use ability | 23 | |
313 total
» units
» upgrades
» buildings
| Altar of Storms | 1 | |
| Orc Burrow | 3 | |
| Stronghold | 1 | |
| Fortress | 1 | |
| Spirit Lodge | 1 | |
| Beastiary | 2 | |
9 total
» build order
00:09 Altar of Storms
00:13 Orc Burrow
01:22 Stronghold
01:52 Orc Burrow
03:24 Fortress
03:27 Spirit Lodge
03:38 Beastiary
04:37 Beastiary
07:08 Orc Burrow
PIESOFTHENORTH (
red | 63 APM | 591 actions | 09:24)
3 Paladin
2 Holy Light
1 Divine Shield
1 Archmage
1 Summon Water Elemental
» actions
| Assign group hotkey | 9 | |
| Basic commands | 26 | |
| Build / train | 25 | |
| ESC pressed | 1 | |
| Enter build submenu | 18 | |
| Enter hero's abilities submenu | 4 | |
| Give item / drop item | 2 | |
| Right click | 211 | |
| Select / deselect | 156 | |
| Select group hotkey | 108 | |
| Use ability | 30 | |
591 total
» units
| Peasant | 5 | |
| Footman | 3 | |
| Sorceress | 2 | |
10 total
» upgrades
| Masonry | 1 | |
| Magic Sentry | 1 | |
| Sorceress Training | 1 | |
| Lumber Harvesting | 1 | |
4 total
» buildings
| Altar of Kings | 1 | |
| Barracks | 1 | |
| Farm | 7 | |
| Lumber Mill | 1 | |
| Keep | 1 | |
| Arcane Sanctum | 2 | |
| Scout Tower | 3 | |
| Guard Tower | 3 | |
19 total
» build order
00:06 Altar of Kings
00:08 Barracks
00:13 Farm
01:29 Lumber Mill
02:32 Keep
02:49 Farm
03:10 Farm
03:27 Farm
04:45 Arcane Sanctum
05:06 Arcane Sanctum
06:10 Scout Tower
06:50 Guard Tower
06:55 Scout Tower
07:25 Guard Tower
07:44 Scout Tower
08:04 Farm
08:07 Farm
08:11 Farm
08:59 Guard Tower
team 2 (loser)

»
HowBluSteelFeel (
orange | 45 APM | 380 actions | 08:26)
2 Mountain King
1 Storm Bolt
1 Bash
1 Paladin
1 Holy Light
» actions
| Build / train | 40 | |
| Enter build submenu | 18 | |
| Enter hero's abilities submenu | 3 | |
| Right click | 184 | |
| Select / deselect | 111 | |
| Use ability | 24 | |
380 total
» units
| Peasant | 14 | |
| Footman | 12 | |
| Rifleman | 2 | |
28 total
» upgrades
| Defend | 2 | |
| Swords | 1 | |
| Plating | 1 | |
| Gunpowder | 1 | |
| Armor | 1 | |
6 total
» buildings
| Barracks | 4 | |
| Farm | 6 | |
| Altar of Kings | 2 | |
| Blacksmith | 2 | |
| Scout Tower | 2 | |
16 total
» build order
00:22 Barracks
00:24 Farm
00:33 Altar of Kings
00:46 Barracks
00:52 Farm
01:00 Barracks
01:13 Farm
02:20 Altar of Kings
02:26 Barracks
02:36 Farm
03:00 Farm
03:05 Farm
04:09 Blacksmith
04:16 Blacksmith
04:31 Scout Tower
07:39 Scout Tower

»
Pg_BaLLa (
purple | 35 APM | 331 actions | 09:20)
2 Demon Hunter
1 Mana Burn
1 Immolation
» actions
| Build / train | 25 | |
| ESC pressed | 1 | |
| Enter build submenu | 9 | |
| Enter hero's abilities submenu | 3 | |
| Remove unit from queue | 1 | |
| Right click | 154 | |
| Select / deselect | 117 | |
| Use ability | 21 | |
331 total
» units
» buildings
| Altar of Elders | 1 | |
| Moon Well | 3 | |
| Ancient of War | 1 | |
| Lumber Mill | 1 | |
| Tree of Ages | 1 | |
| Hunter's Hall | 1 | |
| Ancient of Wind | 2 | |
10 total
» build order
00:17 Altar of Elders
00:22 Moon Well
00:50 Ancient of War
01:30 Moon Well
02:01 Lumber Mill
02:18 Moon Well
05:41 Tree of Ages
06:59 Hunter's Hall
07:52 Ancient of Wind
07:56 Ancient of Wind
Chat log
(07:14 / Allies) PIESOFTHENORTH: need help
(08:23 / All) HowBluSteelFeel: red is too noob GG
(08:30 / All) PIESOFTHENORTH: What
(08:33 / Allies) nygiant: lol
(08:35 / All) PIESOFTHENORTH: so HE leaves?
(08:39 / All) Pg_BaLLa: lol
(08:45 / All) Pg_BaLLa: gg he makes excuses..
(08:53 / All) PIESOFTHENORTH: oh right
(08:55 / All) PIESOFTHENORTH: because of the shield thing